 Dungeon Crawl Stone Soup version 0.25-a0-253-g6f1b5d974a (webtiles) character file.

Game seed: 3113523880187296363, levelgen mode: deterministic

179 night the Firebug (level 5, -2/57 HPs)
             Began as a Demonspawn Fire Elementalist on Dec 5, 2019.
             Slain by a kobold
             ... wielding the +6 dagger "Puceotrajep" {elec, rC++ rN+ SInv}
              (17 damage)
             ... on level 3 of the Dungeon.
             The game lasted 00:09:13 (3446 turns).

night the Firebug (Demonspawn Fire Elementalist)    Turns: 3446, Time: 00:09:14

Health: -2/57      AC:  5    Str: 13    XL:     5   Next: 33%
Magic:  6/9        EV: 12    Int: 17    God:
Gold:   148        SH:  0    Dex: 14    Spells: 0/10 levels left

rFire    + . .     SeeInvis .   e - +0 short sword (venom)
rCold    x . .     Gourm    .   (no shield)
rNeg     . . .     Faith    .   a - +0 robe
rPois    .         Spirit   .   (no helmet)
rElec    .         Reflect  .   t - +0 cloak
rCorr    .         Harm     .   (no gloves)
MR       .....                  s - +1 pair of boots
Stlth    ..........             g - amulet of rage
HPRegen  0.19/turn              v - ring of fire
MPRegen  0.11/turn              (no ring)

@: berserking, about to teleport, very quick
A: nightstalker 2
a: Evoke Berserk Rage


You were on level 3 of the Dungeon.
You were very hungry.

You visited 1 branch of the dungeon, and saw 3 of its levels.

You collected 148 gold pieces.

Inventory:

Hand Weapons
 e - a +0 short sword of venom (weapon)
Missiles
 j - 56 bolts
 k - 26 arrows
 B - 4 boomerangs (quivered)
Armour
 a - a +0 robe (worn)
 l - a +0 cloak
 s - a +1 pair of boots (worn)
 t - a +0 cloak (worn)
 y - a +1 leather armour of cold resistance
Jewellery
 g - an amulet of rage (around neck)
 v - a ring of fire (left hand)
Wands
 d - a wand of random effects (22)
Scrolls
 h - 4 scrolls of identify {unknown}
 i - a scroll of enchant armour {unknown}
 n - a scroll of teleportation {unknown}
 o - a scroll of noise {unknown}
 q - a scroll of fog {unknown}
 x - a scroll of magic mapping {unknown}
 z - a scroll of amnesia {unknown}
 A - a scroll of remove curse {unknown}
Potions
 b - 2 potions of mutation {unknown}
 f - 2 potions of heal wounds {unknown}
 m - a potion of haste {unknown}
 p - a potion of berserk rage {unknown}
 r - a potion of magic {unknown}
 u - a potion of lignification {unknown}
 C - a potion of cancellation {unknown}
Comestibles
 c - 8 rations
 w - 3 chunks of flesh


   Skills:
 + Level 1.7 Fighting
 - Level 0.3 Short Blades
 - Level 1.7 Dodging
 - Level 1.7 Stealth
 - Level 0.2 Unarmed Combat
 * Level 3.1 Spellcasting
 * Level 2.8 Conjurations
 * Level 3.6 Fire Magic


You couldn't memorise any spells.
You knew the following spells:

 Your Spells              Type           Power        Failure   Level  Hunger
a - Foxfire               Conj/Fire      ###.         4%          1    None
b - Sticky Flame          Conj/Fire      ###.....     41%         4    ####...
c - Fireball              Conj/Fire      ###.......   77%         5    ######.

Your spell library contained the following spells:

 Spells                   Type           Power        Failure   Level  Hunger
 Conjure Flame            Conj/Fire      ###.....     14%         3    ###....
 Inner Flame              Hex/Fire       ##......     24%         3    ###....


Dungeon Overview and Level Annotations

Branches:
Dungeon (3/15)

Altars:
Gozag

Annotations:
D:3 Borgoz's ghost, amateur KoGl


Innate Abilities, Weirdness & Mutations

You are significantly more attuned to the shadows.


Message History

The kobold hits you with the +6 dagger "Puceotrajep" {elec, rC++ rN+ SInv}.
Borgoz's ghost hits you.
The foxfire hits the kobold.
You kill the kobold!
The foxfire hits Borgoz's ghost.
Borgoz's ghost is moderately damaged.
The kobold barely misses you. Borgoz's ghost hits you.
Casting: Foxfire (safe; 4% risk of failure)
Confirm with . or Enter, or press ? or * to list all spells.
Okay, then.
A red film seems to cover your vision as you go berserk!
You feel yourself moving faster!
You feel mighty!
You are feeling very hungry.
Borgoz's ghost hits you!
You completely miss Borgoz's ghost.
Borgoz's ghost is moderately damaged.
The kobold hits you with the +6 dagger "Puceotrajep" {elec, rC++ rN+ SInv}.
* * * LOW HITPOINT WARNING * * *
You are electrocuted!
You die...

...........# ###..#(#..###
...........# #.###.##
...........# #..#..#
#####....>..######...##.#.##
..................#.#.#
...........#...#
...........##.##
............#.#
........K@......#.#
........KW##....#.#
.......##K##....#.#
.......##)##....#.#
........(.........#
...........#####.##
..........##.⌠.###
.(........#.#.#K
..........'K.#.K


You could see Borgoz's ghost and 3 kobolds.

Vanquished Creatures
  An orc priest (D:3)
  Terence (D:2)
  3 adders
  An adder skeleton (D:3)
  5 worms
  3 dart slugs
  A leopard gecko (D:2)
  9 orcs (D:3)
  6 bats
  A giant cockroach (D:3)
  5 goblins
  8 hobgoblins
  4 jackals
  2 quokkas (D:2)
  A frilled lizard (D:2)
  12 kobolds
  8 rats
71 creatures vanquished.

Vanquished Creatures (others)
  140 foxfires
140 creatures vanquished.

Grand Total: 211 creatures vanquished

Notes
Turn   | Place    | Note
-------+----------+-------------------------------------------
     0 | D:1      | night the Demonspawn Fire Elementalist began the quest for
                  | the Orb.
     0 | D:1      | Reached XP level 1. HP: 13/13 MP: 3/3
   333 | D:1      | Gained mutation: You are slightly more attuned to the
                  | shadows. [demonic ancestry]
   333 | D:1      | Reached XP level 2. HP: 18/19 MP: 1/5
  1051 | D:2      | Noticed Terence
  1216 | D:2      | Killed Terence
  1216 | D:2      | Reached skill level 1 in Fighting
  1216 | D:2      | Gained mutation: You are significantly more attuned to the
                  | shadows. [demonic ancestry]
  1216 | D:2      | Reached XP level 3. HP: 26/26 MP: 4/6
  1462 | D:2      | Found an opulent altar of Gozag.
  1761 | D:2      | Reached XP level 4. HP: 13/32 MP: 1/8
  3060 | D:3      | Reached XP level 5. HP: 30/37 MP: 6/9
  3119 | D:3      | Learned a level 4 spell: Sticky Flame
  3125 | D:3      | Learned a level 5 spell: Fireball
  3402 | D:3      | Found a runed translucent gate.
  3402 | D:3      | Found a runed translucent gate.
  3403 | D:3      | Found a runed translucent gate.
  3403 | D:3      | Noticed Borgoz's ghost (amateur KoGl)
  3419 | D:3      | Identified the +6 dagger "Puceotrajep" {elec, rC++ rN+
                  | SInv}
  3446 | D:3      | Slain by a kobold

Levels and vault maps discovered:
D:1:      dpeg_arrival_water_fire, layout_basic, minivault_5
D:2:      layout_loops_ring, grunt_gozag_statues, chequers_big_river,
          corexii_corridor_pit, uniq_terence
D:3:      minmay_general_purpose_star, layout_basic, grunt_qazlal_sundering,
          gammafunk_ghost_nasty_kobolds, minmay_misc_feat_doors

Skill      XL: |  1  2  3  4 |
---------------+-------------+-----
Fighting       | 1 |  1.7
Fire Magic     | 3 |  3.6
Conjurations   | 2 |  2.8
Spellcasting   | 3 |  3.1
Short Blades   | |  0.3
Dodging        | |  1.7
Stealth        | |  1.7
Unarmed Combat | |  0.2

Action                   |  1- 3 |  4- 6 || total
-------------------------+-------+-------++-------
Melee: Short sword       |    33 |    42 ||    75
 Cast: Foxfire           |    33 |    49 ||    82
 Abil: Evoke Berserk Rag |       |     1 ||     1
 Stab: Sleeping          |     8 |     2 ||    10
  Eat: Chunk             |     2 |     6 ||     8
Armor: Robe              |     5 |    12 ||    17
Dodge: Dodged            |    24 |    25 ||    49

Table legend:
 A = Non-vault XP
 B = Vault XP
 C = Vault XP percentage of total XP
 D = Non-vault monster count
 E = Vault monster count
 F = Vault count percentage of total count
                 A         B        C        D         E       F
            +---------+---------+-------+---------+---------+-------
      Total |     214 |      43 |  16.7 |      62 |       9 |  12.7
            +---------+---------+-------+---------+---------+-------
        D:1 |      26 |       0 |   0.0 |      15 |       0 |   0.0
        D:2 |      84 |      32 |  27.6 |      26 |       1 |   3.7
        D:3 |     104 |      11 |   9.6 |      21 |       8 |  27.6
            +---------+---------+-------+---------+---------+-------
